 Dungeon Crawl Stone Soup version 0.28.0-53-g5a82cb258f (webtiles) character file.

Game seed: 15542846808741401071

33 SanguineChosen the Skirmisher (level 3, 0/24 HPs)
             Began as a Gargoyle Fighter on July 13, 2022.
             Slain by a hobgoblin (1 damage)
             ... on level 2 of the Dungeon.
             The game lasted 00:02:04 (926 turns).

SanguineChosen the Skirmisher (Gargoyle Fighter)     Turns: 926, Time: 00:02:05

Health: 0/24       AC: 10    Str: 21    XL:     3   Next: 29%
Magic:  3/3        EV:  9    Int:  8    God:
Gold:   68         SH:  4    Dex:  9    Spells: 2/2 levels left

rFire   . . .      SeeInvis .   a - +0 flail
rCold   . . .      Faith    .   c - +0 buckler
rNeg    + . .      Spirit   .   b - +0 scale mail
rPois   ∞          Reflect  .   (no helmet)
rElec   +          Harm     .   (no cloak)
rCorr   .          Rampage  .   (no gloves)
Will    .....                   (no boots)
Stlth   ..........              (no amulet)
HPRegen 0.08/turn               (no ring)
MPRegen 0.08/turn               (no ring)

@: mighty
A: sickness immunity, AC +3, negative energy resistance 1, electricity
resistance, torment resistance 1, petrification resistance
a: no special abilities


You were on level 2 of the Dungeon.
You visited 1 branch of the dungeon, and saw 2 of its levels.

You collected 68 gold pieces.

Inventory:

Hand Weapons
 a - a +0 flail (weapon)
Armour
 b - a +0 scale mail (worn)
 c - a +0 buckler (worn)
Scrolls
 f - a scroll of noise {unknown}
 g - a scroll of identify {unknown}
Potions
 e - a potion of curing {unknown}


   Skills:
 + Level 3.9 Fighting
 + Level 2.3 Maces & Flails
 + Level 3.6 Armour
 + Level 3.6 Shields


You had 2 spell levels left.
You didn't know any spells.
Your spell library was empty.

Dungeon Overview and Level Annotations

Branches:
Dungeon (2/15)

Altars:


Innate Abilities, Weirdness & Mutations

You are immune to sickness and miasma.
Your stone body is resilient. (AC +3)
You are immune to poison.
You resist negative energy. (rN+)
You are resistant to electric shocks. (rElec)
You are resistant to unholy torment.
You are immune to petrification.


Message History

You feel very mighty all of a sudden.
The phantom hits you but does no damage.
The ball python bites you but does no damage.
The ball python barely misses you. The hobgoblin barely misses you.
You hit the phantom.
The phantom is moderately damaged.
You block the quokka's attack. The ball python completely misses you.
The ball python grabs you. The ball python constricts you.
The phantom hits you but does no damage.
The hobgoblin barely misses you. The quokka closely misses you.
A dart slug comes into view.
You hit the phantom.
The phantom is heavily damaged.
The ball python bites you but does no damage.
The ball python constricts you. The phantom closely misses you.
The quokka bites you.
* * * LOW HITPOINT WARNING * * *
The hobgoblin hits you but does no damage.
The ball python bites you but does no damage.
The ball python constricts you.
You escape the ball python's grasp.
The ball python closely misses you. The ball python misses you.
You block the ball python's attack. The ball python grabs you.
The ball python constricts you.
You escape the ball python's grasp.
The ball python bites you.
* * * LOW HITPOINT WARNING * * *
The ball python barely misses you.
The hobgoblin hits you but does no damage.
There is an open door here.
You see here an adder corpse.
You miss the phantom.
The phantom is heavily damaged.
The phantom hits you.
* * * LOW HITPOINT WARNING * * *
The phantom blinks!
You blink.
The dart slug launches a dart at you. The slug dart misses you.
The phantom barely misses you.
The ball python bites you but does no damage.
You block the ball python's attack. The hobgoblin hits you.
You die...

.##8####.####....#
.#######.......#.#
.8#..........>##.#
#.#
.#######..###.##§#
.. .# ##.# #.##§#
.# .#
#.###)##'####.# .8#
#.......r..#..# .##
#......gWS.#.######
##
#.......@....#.....
#
#............'.....
##.##w##.....#.....
#...........# ####
#..#.######..#
#....# ##.# #.# .#
.. ..#


You could see a phantom, a dart slug, a quokka, a hobgoblin and a ball python.

Vanquished Creatures
  An adder (D:2)
  4 ball pythons
  An endoplasm (D:2)
  4 giant cockroaches
  3 bats (D:1)
  2 frilled lizards (D:1)
  4 goblins
  2 kobolds (D:1)
  4 rats
25 creatures vanquished.

Notes
Turn   | Place    | Note
-------+----------+-------------------------------------------
     0 | D:1      | SanguineChosen the Gargoyle Fighter began the quest for the
                  | Orb.
     0 | D:1      | Reached XP level 1. HP: 14/14 MP: 1/1
   155 | D:1      | Reached XP level 2. HP: 19/19 MP: 2/2
   604 | D:1      | Found a faded altar of an unknown god.
   882 | D:2      | Reached XP level 3. HP: 24/24 MP: 3/3
   893 | D:2      | Noticed a phantom
   926 | D:2      | HP: 1/24 [phantom (4)]
   926 | D:2      | Slain by a hobgoblin

Illustrated notes

Levels and vault maps discovered:
D:1:      beargit_arrival_greenhouse, layout_loops_ring,
          hellmonk_ecumenical_altar_pennies_from_heaven, minivault_24
D:2:      layout_basic, serial_corexii_hall, corexii_hall_statues_s,
          corexii_hall_statues_s, corexii_hall_statues_x,
          minmay_divided_ellipse, uniq_robin

Action                   || total
-------------------------++-------
Melee: Flail             ||    60
  Use: Potion            ||     1
Armor: Scale mail        ||    34
Dodge: Dodged            ||    40
Block: Buckler           ||     9
